[Event "106th British-ch Major 2019"]
[Site "Torquay"]
[Date "2019.07.30"]
[Round "4.34"]
[White "Renshaw, Lucas"]
[Black "Whitehead, Mark A"]
[Result "1/2-1/2"]
[ECO "B44"]
[WhiteElo "1596"]
[BlackElo "1887"]
[Annotator "NA"]
[PlyCount "60"]
[EventDate "2019.07.27"]
[EventType "swiss"]
[EventCountry "GBR"]
[SourceTitle "playchess.com"]
[Source "ChessBase"]
[SourceQuality "1"]
[TimeControl "40/5400+30:1800+30"]

1. e4 c5 2. Nf3 e6 3. d4 cxd4 4. Nxd4 Nc6 5. c4 Nf6 6. Nc3 Bb4 7. Nxc6 bxc6 8. Bd3 e5 9. O-O O-O 10. f4 d6 11. Qf3 Bc5+ 12. Be3 Bxe3+ 13. Qxe3 Ng4 14. Qg3 Qb6+ 15. Kh1 Qxb2 16. Ne2 exf4 17. Qxf4 Qe5 18. Rac1 Qxf4 19. Nxf4 Ne5 20. Be2 c5 21. Rcd1 Ba6 22. Rxd6 Bxc4 23. Bxc4 Nxc4 24. Rd7 Nb6 25. Rb7 Rfb8 26. Re7 Re8 27. Rc7 Rec8 28. Re7 Kf8 29. Nd5 Kg8 30. Nf4 Re8 1/2-1/2

[Event "106th British-ch Major 2019"]
[Site "Torquay"]
[Date "2019.07.30"]
[Round "4.35"]
[White "Roy, Ali"]
[Black "Gray, Edward"]
[Result "1/2-1/2"]
[ECO "A05"]
[WhiteElo "1871"]
[BlackElo "1757"]
[Annotator "NA"]
[PlyCount "64"]
[EventDate "2019.07.27"]
[EventType "swiss"]
[EventCountry "GBR"]
[SourceTitle "playchess.com"]
[Source "ChessBase"]
[SourceQuality "1"]
[TimeControl "40/5400+30:1800+30"]

1. Nf3 Nf6 2. g3 c5 3. Bg2 g6 4. O-O Bg7 5. d3 O-O 6. e4 d6 7. Nbd2 Nc6 8. Re1 Bd7 9. c3 Qc8 10. Qe2 Bh3 11. Nc4 Bxg2 12. Kxg2 Ng4 13. Bf4 b5 14. Nxd6 exd6 15. Bxd6 Rd8 16. Bxc5 Bf8 17. Bxf8 Kxf8 18. d4 a6 19. e5 Ra7 20. h3 Nh6 21. g4 Kg7 22. Rad1 Ne7 23. Ng5 Nd5 24. Kg3 Re7 25. f4 Rde8 26. Ne4 Re6 27. Nc5 Rb6 28. a4 Qc7 29. Rc1 f6 30. Qe4 Qc6 31. axb5 axb5 32. b3 fxe5 1/2-1/2

[Event "106th British-ch Major 2019"]
[Site "Torquay"]
[Date "2019.07.31"]
[Round "5.2"]
[White "Ashworth, Michael J"]
[Black "Taylor, Adam A"]
[Result "1/2-1/2"]
[ECO "E32"]
[WhiteElo "1957"]
[BlackElo "2168"]
[Annotator "ChessBase"]
[PlyCount "104"]
[EventDate "2019.07.27"]
[EventType "swiss"]
[EventCountry "GBR"]
[SourceTitle "playchess.com"]
[Source "ChessBase"]
[SourceQuality "1"]
[TimeControl "40/5400+30:1800+30"]

1. d4 Nf6 2. c4 e6 3. Nc3 Bb4 4. Qc2 O-O 5. a3 Bxc3+ 6. Qxc3 b6 7. Bg5 Bb7 8. f3 h6 9. Bh4 d5 10. e3 Nbd7 11. cxd5 exd5 12. Bd3 Re8 13. Ne2 Rc8 14. O-O Qe7 15. Bf2 c5 16. Qd2 Nf8 17. Rfe1 Ne6 18. Nc3 Qd7 19. Bf5 Rcd8 20. Rad1 Bc6 21. dxc5 bxc5 22. b4 Qe7 23. bxc5 Nxc5 24. Qc2 Ba8 25. Rc1 Ne6 26. a4 Rb8 27. Red1 Rec8 28. Qa2 Qb4 29. Nb5 a6 30. Rxc8+ Rxc8 31. Nd4 Re8 32. Qc2 Nc5 33. Ra1 Nfd7 34. Be1 Qb6 35. a5 Qf6 36. Ra3 Ne6 37. Nxe6 fxe6 38. Bd3 e5 39. Qc7 Nf8 40. Qa7 e4 41. fxe4 Qb2 42. Bc3 Qc1+ 43. Kf2 Ne6 44. Rb3 Rf8+ 45. Kg3 d4 46. Bxd4 Qe1+ 47. Kh3 Qd1 48. Bc4 Qh5+ 49. Kg3 Qg5+ 50. Kh3 Qh5+ 51. Kg3 Qg6+ 52. Kh3 Qh5+ 1/2-1/2

[Event "106th British-ch Major 2019"]
[Site "Torquay"]
[Date "2019.07.31"]
[Round "5.3"]
[White "Rogacewicz, Mikolaj"]
[Black "Graham, David B"]
[Result "0-1"]
[ECO "E80"]
[WhiteElo "1925"]
[BlackElo "2162"]
[Annotator "ChessBase"]
[PlyCount "118"]
[EventDate "2019.07.27"]
[EventType "swiss"]
[EventCountry "GBR"]
[SourceTitle "playchess.com"]
[Source "ChessBase"]
[SourceQuality "1"]
[TimeControl "40/5400+30:1800+30"]

1. d4 Nf6 2. c4 g6 3. Nc3 Bg7 4. e4 d6 5. f3 c6 6. Be3 a6 7. Qd2 b5 8. Nge2 Nbd7 9. g4 Nb6 10. Ng3 Nxc4 11. Bxc4 bxc4 12. Rd1 Rb8 13. g5 Nh5 14. Nxh5 gxh5 15. O-O d5 16. Qf2 h6 17. g6 Bh3 18. Rfe1 Qd6 19. Kh1 fxg6 20. Qh4 Qd7 21. exd5 cxd5 22. Bf4 Rb7 23. Nxd5 Qxd5 24. Qxh3 O-O 25. Re4 Rxb2 26. Rg1 Rb6 27. Be5 Bxe5 28. Rxe5 Qxf3+ 29. Qxf3 Rxf3 30. Rxe7 Rf7 31. Re5 Kh7 32. Rc5 Rb2 33. Rxc4 Rxa2 34. Rgc1 Rd2 35. Ra4 h4 36. Rxa6 Rxd4 37. Ra2 Rdf4 38. Kg1 g5 39. Re2 Kg6 40. Rc3 Rf1+ 41. Kg2 Ra1 42. Rc6+ Rf6 43. Rc3 Rfa6 44. Rce3 R1a2 45. Re8 Rxe2+ 46. Rxe2 g4 47. h3 h5 48. Re3 Ra2+ 49. Kg1 Kf5 50. Rb3 Ra5 51. Rc3 Rd5 52. Kf2 Rd2+ 53. Kg1 Ke4 54. Rc4+ Rd4 55. Rc2 Rd3 56. Re2+ Re3 57. Rh2 Re1+ 58. Kg2 Re2+ 59. Kg1 Rxh2 0-1

[Event "106th British-ch Major 2019"]
[Site "Torquay"]
[Date "2019.07.31"]
[Round "5.4"]
[White "Ward, Andy"]
[Black "Pollack, Oscar"]
[Result "0-1"]
[ECO "A45"]
[WhiteElo "1822"]
[BlackElo "2088"]
[Annotator "NA"]
[PlyCount "76"]
[EventDate "2019.07.27"]
[EventType "swiss"]
[EventCountry "GBR"]
[SourceTitle "playchess.com"]
[Source "ChessBase"]
[SourceQuality "1"]
[TimeControl "40/5400+30:1800+30"]

1. d4 Nf6 2. Bg5 e6 3. e3 h6 4. Bf4 b6 5. Nf3 Bb7 6. Bd3 Be7 7. O-O O-O 8. c3 Nh5 9. Bg3 d6 10. Nbd2 Nd7 11. Be4 d5 12. Bd3 c5 13. Qe2 Nxg3 14. hxg3 Qc7 15. e4 cxd4 16. Nxd4 Nc5 17. exd5 Nxd3 18. Qxd3 Bxd5 19. Rfd1 Rfd8 20. Qe2 Rd7 21. N2f3 Bf6 22. Nc2 Rad8 23. Ne3 Bb7 24. Ng4 Rxd1+ 25. Rxd1 Rxd1+ 26. Qxd1 Be7 27. Nd4 Qc4 28. a3 Qd5 29. Ne3 Qe4 30. Qa4 Bg5 31. Qe8+ Kh7 32. Ndc2 f5 33. f4 Bf6 34. Qd7 a6 35. Kf2 b5 36. Nd4 Bd5 37. Ndxf5 Bc6 38. Nd6 Qxe3+ 0-1

[Event "106th British-ch Major 2019"]
[Site "Torquay"]
[Date "2019.07.31"]
[Round "5.5"]
[White "Hagesaether, Arne"]
[Black "Rushbrooke, Remy"]
[Result "1-0"]
[ECO "A88"]
[WhiteElo "2046"]
[BlackElo "1963"]
[Annotator "NA"]
[PlyCount "43"]
[EventDate "2019.07.27"]
[EventType "swiss"]
[EventCountry "GBR"]
[SourceTitle "playchess.com"]
[Source "ChessBase"]
[SourceQuality "1"]
[TimeControl "40/5400+30:1800+30"]

1. d4 f5 2. Nf3 Nf6 3. g3 g6 4. Bg2 Bg7 5. O-O O-O 6. c4 d6 7. Nc3 c6 8. Qc2 a5 9. Rd1 Na6 10. a3 Qe8 11. b3 h6 12. Bb2 g5 13. Na4 Rb8 14. Nb6 Be6 15. d5 Bf7 16. Nd4 Ng4 17. Nxf5 Bg6 18. Nxe7+ Qxe7 19. Qxg6 Rxf2 20. Qxg7+ Qxg7 21. Bxg7 Kxg7 22. Bf3 1-0

[Event "106th British-ch Major 2019"]
[Site "Torquay"]
[Date "2019.07.31"]
[Round "5.6"]
[White "Cleary, Mark"]
[Black "Modi, Kishan J"]
[Result "1-0"]
[ECO "D20"]
[WhiteElo "2023"]
[BlackElo "1923"]
[Annotator "NA"]
[PlyCount "87"]
[EventDate "2019.07.27"]
[EventType "swiss"]
[EventCountry "GBR"]
[SourceTitle "playchess.com"]
[Source "ChessBase"]
[SourceQuality "1"]
[TimeControl "40/5400+30:1800+30"]

1. d4 d5 2. c4 dxc4 3. e4 e5 4. Nf3 Nf6 5. Bxc4 Bb4+ 6. Bd2 Bxd2+ 7. Nbxd2 exd4 8. Qb3 O-O 9. e5 Nfd7 10. Ne4 Nb6 11. Bxf7+ Rxf7 12. Neg5 Qd5 13. Qxd5 Nxd5 14. Nxf7 Kxf7 15. Nxd4 Na6 16. O-O-O Nf4 17. g3 Ne6 18. Nb5 g6 19. f4 Ng7 20. h3 Ke7 21. g4 Bd7 22. Nc3 Bc6 23. Rh2 Nc5 24. Nd5+ Bxd5 25. Rxd5 Nce6 26. Rhd2 Rd8 27. Rxd8 Nxd8 28. Rf2 Ke6 29. Kd2 g5 30. fxg5 Kxe5 31. Ke3 Nge6 32. h4 c5 33. Rf5+ Kd6 34. h5 Nc6 35. Rf7 Nxg5 36. Rg7 h6 37. Rg6+ Ke5 38. Rxh6 Nd4 39. Rg6 Nde6 40. h6 b6 41. Rg7 a5 42. h7 Nxg7 43. h8=Q N5e6 44. Qb8+ 1-0

[Event "106th British-ch Major 2019"]
[Site "Torquay"]
[Date "2019.07.31"]
[Round "5.7"]
[White "Payne, Matthew J"]
[Black "Metcalfe, Charlie P"]
[Result "1/2-1/2"]
[ECO "D02"]
[WhiteElo "2168"]
[BlackElo "1739"]
[Annotator "NA"]
[PlyCount "62"]
[EventDate "2019.07.27"]
[EventType "swiss"]
[EventCountry "GBR"]
[SourceTitle "playchess.com"]
[Source "ChessBase"]
[SourceQuality "1"]
[TimeControl "40/5400+30:1800+30"]

1. d4 Nf6 2. Bf4 d5 3. e3 c5 4. c3 Nc6 5. Nd2 e6 6. Ngf3 cxd4 7. exd4 Nh5 8. Bg5 f6 9. Ne5 g6 10. Nxc6 bxc6 11. Be3 Bd6 12. Be2 Nf4 13. Bxf4 Bxf4 14. g3 Bd6 15. h4 O-O 16. h5 g5 17. Qc2 Qe7 18. O-O-O f5 19. Kb1 c5 20. Nf3 Rb8 21. Ka1 c4 22. Qd2 h6 23. Ne5 Bxe5 24. dxe5 Rf7 25. Qd4 Qb7 26. Rb1 Qc6 27. b3 cxb3 28. Rxb3 Rxb3 29. axb3 Ba6 30. Bxa6 Qxa6+ 31. Qa4 Qxa4+ 1/2-1/2

[Event "106th British-ch Major 2019"]
[Site "Torquay"]
[Date "2019.07.31"]
[Round "5.8"]
[White "Payne, Matthew J"]
[Black "Metcalfe, Charlie P"]
[Result "1-0"]
[ECO "C45"]
[WhiteElo "2168"]
[BlackElo "1739"]
[Annotator "ChessBase"]
[PlyCount "73"]
[EventDate "2019.07.27"]
[EventType "swiss"]
[EventCountry "GBR"]
[SourceTitle "playchess.com"]
[Source "ChessBase"]
[SourceQuality "1"]
[TimeControl "40/5400+30:1800+30"]

1. e4 e5 2. Nf3 Nc6 3. d4 exd4 4. Nxd4 Nf6 5. Nxc6 bxc6 6. e5 Qe7 7. Qe2 Nd5 8. c4 Nb6 9. Nc3 Qe6 10. Qe4 g6 11. f4 Bb4 12. Bd2 Rb8 13. b3 O-O 14. Bd3 Re8 15. O-O d5 16. exd6 Bxc3 17. Bxc3 Qxe4 18. Bxe4 Rxe4 19. dxc7 Rb7 20. Rad1 Nd7 21. Ba5 c5 22. f5 f6 23. Rd6 Kf7 24. Rc6 Re5 25. g4 gxf5 26. gxf5 Ke7 27. Rf3 Re2 28. Rh3 Nb6 29. Rxh7+ Ke8 30. Rd6 Nd7 31. Rh8+ Ke7 32. Rd1 Nf8 33. Rd8 Re1+ 34. Bxe1 Rxc7 35. Rhxf8 Bxf5 36. Rde8+ Kd6 37. Bg3+ 1-0

[Event "106th British-ch Major 2019"]
[Site "Torquay"]
[Date "2019.07.31"]
[Round "5.8"]
[White "Warren, Alex M"]
[Black "Miller, Dominic"]
[Result "*"]
[ECO "C45"]
[WhiteElo "1967"]
[BlackElo "2140"]
[Annotator "ChessBase"]
[PlyCount "63"]
[EventDate "2019.07.27"]
[EventType "swiss"]
[EventCountry "GBR"]
[SourceTitle "playchess.com"]
[Source "ChessBase"]
[SourceQuality "1"]
[TimeControl "40/5400+30:1800+30"]

1. e4 e5 2. Nf3 Nc6 3. d4 exd4 4. Nxd4 Nf6 5. Nxc6 bxc6 6. e5 Qe7 7. Qe2 Nd5 8. c4 Nb6 9. Nc3 Qe6 10. Qe4 g6 11. f4 Bb4 12. Bd2 Rb8 13. b3 O-O 14. Bd3 Re8 15. O-O d5 16. exd6 Bxc3 17. Bxc3 Qxe4 18. Bxe4 Rxe4 19. dxc7 Rb7 20. Rad1 Nd7 21. Ba5 c5 22. f5 f6 23. Rd6 Kf7 24. Rc6 Re5 25. g4 gxf5 26. gxf5 Ke7 27. Rf3 Re2 28. Rh3 Nb6 29. Rxh7+ Ke8 30. Rd6 Nd7 31. Rh8+ Ke7 32. Rd1 *

[Event "106th British-ch Major 2019"]
[Site "Torquay"]
[Date "2019.07.31"]
[Round "5.9"]
[White "Price, Gwilym T"]
[Black "Barton, R Alan"]
[Result "0-1"]
[ECO "B06"]
[WhiteElo "2138"]
[BlackElo "1941"]
[Annotator "NA"]
[PlyCount "86"]
[EventDate "2019.07.27"]
[EventType "swiss"]
[EventCountry "GBR"]
[SourceTitle "playchess.com"]
[Source "ChessBase"]
[SourceQuality "1"]
[TimeControl "40/5400+30:1800+30"]

1. e4 d6 2. d4 g6 3. Nc3 Bg7 4. f4 e6 5. Nf3 Ne7 6. Be3 Nd7 7. Qd2 a6 8. Bd3 b5 9. e5 Bb7 10. Ne4 Bxe4 11. Bxe4 d5 12. Bd3 c6 13. O-O Nf5 14. g4 Nxe3 15. Qxe3 h5 16. h3 hxg4 17. hxg4 Qe7 18. c3 c5 19. a3 c4 20. Bc2 Kd8 21. f5 gxf5 22. gxf5 Bh6 23. Qe2 Kc7 24. f6 Rag8+ 25. Kf2 Qf8 26. Rh1 Bf4 27. Bh7 Rg4 28. a4 b4 29. b3 bxc3 30. bxc4 Nb6 31. cxd5 Nxd5 32. Qc4+ Kb7 33. Rab1+ Ka7 34. Qc6 Qc8 35. Qxc8 Rxc8 36. Ne1 Be3+ 37. Ke2 Bxd4 38. Bc2 Bxe5 39. Rh7 Rc7 40. Nf3 Bxf6 41. Rg1 Rxg1 42. Nxg1 Nb4 43. Kd1 Bg5 0-1

[Event "106th British-ch Major 2019"]
[Site "Torquay"]
[Date "2019.07.31"]
[Round "5.10"]
[White "Gardiner, Eric D"]
[Black "Eames, Robert S"]
[Result "1-0"]
[ECO "A45"]
[WhiteElo "1957"]
[BlackElo "2136"]
[Annotator "NA"]
[PlyCount "65"]
[EventDate "2019.07.27"]
[EventType "swiss"]
[EventCountry "GBR"]
[SourceTitle "playchess.com"]
[Source "ChessBase"]
[SourceQuality "1"]
[TimeControl "40/5400+30:1800+30"]

1. d4 Nf6 2. Bg5 Ne4 3. Bf4 Nc6 4. f3 e5 5. dxe5 g5 6. Bc1 Nc5 7. e4 Nxe5 8. Nc3 Ne6 9. Nge2 Bc5 10. Na4 Bb4+ 11. Bd2 Qe7 12. Bxb4 Qxb4+ 13. c3 Qe7 14. Nd4 d5 15. Nxe6 Bxe6 16. Qd4 Ng6 17. O-O-O dxe4 18. Nc5 Bxa2 19. Nxe4 Ne5 20. Qa4+ Kf8 21. Qxa2 f5 22. Ng3 f4 23. Ne4 Kg7 24. Be2 h6 25. Rd2 Rhe8 26. Rhd1 a6 27. Nf2 b5 28. Ng4 Nf7 29. Rd7 Qe6 30. Qxe6 Rxe6 31. Bd3 h5 32. Nf2 c6 33. Ne4 1-0

[Event "106th British-ch Major 2019"]
[Site "Torquay"]
[Date "2019.07.31"]
[Round "5.11"]
[White "Brown, Tom"]
[Black "Shaw, Peter"]
[Result "1/2-1/2"]
[ECO "A80"]
[WhiteElo "1953"]
[BlackElo "2068"]
[Annotator "NA"]
[PlyCount "43"]
[EventDate "2019.07.27"]
[EventType "swiss"]
[EventCountry "GBR"]
[SourceTitle "playchess.com"]
[Source "ChessBase"]
[SourceQuality "1"]
[TimeControl "40/5400+30:1800+30"]

1. d4 f5 2. Nc3 d5 3. Bg5 Nf6 4. Bxf6 exf6 5. e3 c6 6. Bd3 Na6 7. a3 Nc7 8. Qf3 g6 9. Nge2 Ne6 10. h4 h5 11. O-O-O b5 12. Nf4 Nxf4 13. exf4 Kf7 14. Rhe1 a5 15. a4 Bb4 16. axb5 a4 17. bxc6 a3 18. c7 Qd6 19. Bc4 axb2+ 20. Kb1 dxc4 21. Qxa8 Bxc3 22. Re3 1/2-1/2

[Event "106th British-ch Major 2019"]
[Site "Torquay"]
[Date "2019.07.31"]
[Round "5.12"]
[White "Sugden, John N"]
[Black "Hosdurga, Chirag"]
[Result "1-0"]
[ECO "B25"]
[WhiteElo "2068"]
[BlackElo "1926"]
[Annotator "NA"]
[PlyCount "85"]
[EventDate "2019.07.27"]
[EventType "swiss"]
[EventCountry "GBR"]
[SourceTitle "playchess.com"]
[Source "ChessBase"]
[SourceQuality "1"]
[TimeControl "40/5400+30:1800+30"]

1. e4 c5 2. Nc3 Nc6 3. g3 g6 4. Bg2 Bg7 5. d3 d6 6. f4 e6 7. Nf3 Nge7 8. O-O O-O 9. Be3 Nd4 10. Rb1 Rb8 11. Ne2 Nec6 12. c3 Nxe2+ 13. Qxe2 b6 14. d4 cxd4 15. cxd4 Bb7 16. Bf2 d5 17. e5 Nb4 18. Qd2 Qe7 19. a3 Nc6 20. b4 Rbc8 21. g4 f5 22. exf6 Qxf6 23. Be3 Nd8 24. Ne5 Qe7 25. Rfe1 Nf7 26. Nxf7 Rxf7 27. g5 Qd6 28. Bh3 Rc4 29. Bf2 Bc8 30. Bf1 Bb7 31. Bh3 Qxf4 32. Qxf4 Rxf4 33. Rxe6 Bxd4 34. Bxd4 Rcxd4 35. Re7 Ba6 36. b5 Bxb5 37. Rxb5 Rd1+ 38. Kg2 Rd2+ 39. Kg3 Ra4 40. Rb3 d4 41. Rf3 Ra5 42. Be6+ Kh8 43. Rf8# 1-0

[Event "106th British-ch Major 2019"]
[Site "Torquay"]
[Date "2019.07.31"]
[Round "5.13"]
[White "Garnett, John S"]
[Black "Lentzos, Ioannis"]
[Result "0-1"]
[ECO "D00"]
[WhiteElo "1885"]
[BlackElo "2043"]
[Annotator "NA"]
[PlyCount "66"]
[EventDate "2019.07.27"]
[EventType "swiss"]
[EventCountry "GBR"]
[SourceTitle "playchess.com"]
[Source "ChessBase"]
[SourceQuality "1"]
[TimeControl "40/5400+30:1800+30"]

1. d4 Nf6 2. Bg5 d5 3. e3 c5 4. Bxf6 gxf6 5. c4 dxc4 6. Bxc4 cxd4 7. Nc3 Nc6 8. Qh5 e6 9. O-O-O Qa5 10. Qxa5 Nxa5 11. Bb5+ Ke7 12. Rxd4 a6 13. Be2 b5 14. Bf3 Ra7 15. g3 f5 16. Nge2 Bg7 17. Rdd1 Bd7 18. Kb1 b4 19. Nd5+ exd5 20. Bxd5 Be6 21. Nf4 Rd8 22. Rhe1 Rad7 23. Bf3 Rxd1+ 24. Rxd1 Rxd1+ 25. Bxd1 Nc4 26. b3 Nd2+ 27. Kc2 Ne4 28. Nd3 a5 29. Bf3 Kd6 30. Bxe4 fxe4 31. Nf4 Bg4 32. h3 Bf3 33. g4 Bc3 0-1

[Event "106th British-ch Major 2019"]
[Site "Torquay"]
[Date "2019.07.31"]
[Round "5.14"]
[White "Forster, Matthew"]
[Black "Menadue, Jeremy Fs"]
[Result "1-0"]
[ECO "A11"]
[WhiteElo "1825"]
[BlackElo "2016"]
[Annotator "NA"]
[PlyCount "87"]
[EventDate "2019.07.27"]
[EventType "swiss"]
[EventCountry "GBR"]
[SourceTitle "playchess.com"]
[Source "ChessBase"]
[SourceQuality "1"]
[TimeControl "40/5400+30:1800+30"]

1. c4 Nf6 2. g3 c6 3. Bg2 d5 4. Nf3 Bf5 5. cxd5 cxd5 6. Qb3 Qc8 7. Nc3 e6 8. d3 Nc6 9. O-O Be7 10. Bf4 O-O 11. Rac1 Qd7 12. Ne5 Nxe5 13. Bxe5 Rac8 14. e4 dxe4 15. dxe4 Bg4 16. h3 Bh5 17. g4 Bg6 18. f4 Rxc3 19. Rxc3 Nxe4 20. Rd1 Qe8 21. Rc7 Bc5+ 22. Kh2 Bb6 23. Rc4 Nc5 24. Qc3 Na6 25. Bxg7 Ba5 26. Qe5 f6 27. Bxf6 Bb6 28. b4 Qf7 29. g5 Bc7 30. Qc3 b5 31. Rcd4 Nb8 32. Kh1 h5 33. Bc6 a6 34. Rd7 Be4+ 35. Kg1 Bb6+ 36. Kh2 Nxc6 37. Rxf7 Rxf7 38. Rd6 Bc7 39. Rxc6 Bxf4+ 40. Kg1 Rd7 41. Rc8+ Kf7 42. Bh8 Rd1+ 43. Kf2 Rd2+ 44. Ke1 1-0

[Event "106th British-ch Major 2019"]
[Site "Torquay"]
[Date "2019.07.31"]
[Round "5.15"]
[White "Foster, Timothy"]
[Black "Cusick, Peter W"]
[Result "1-0"]
[ECO "A05"]
[WhiteElo "1852"]
[BlackElo "1971"]
[Annotator "NA"]
[PlyCount "101"]
[EventDate "2019.07.27"]
[EventType "swiss"]
[EventCountry "GBR"]
[SourceTitle "playchess.com"]
[Source "ChessBase"]
[SourceQuality "1"]
[TimeControl "40/5400+30:1800+30"]

1. Nf3 Nf6 2. g3 b5 3. Bg2 Bb7 4. O-O e6 5. b3 Be7 6. Bb2 O-O 7. d3 d5 8. Nbd2 c5 9. Ne5 Qc7 10. e3 Nbd7 11. Nxd7 Qxd7 12. f4 Rac8 13. Nf3 Rfd8 14. Ne5 Qc7 15. g4 Nd7 16. Nxd7 Qxd7 17. g5 d4 18. e4 e5 19. Qh5 exf4 20. Bh3 Qc7 21. Bxc8 Bxc8 22. Bc1 g6 23. Qh4 h5 24. Bxf4 Bd6 25. Bxd6 Qxd6 26. Rf6 Be6 27. Qf4 Qd7 28. Qe5 Bh3 29. Qg3 c4 30. bxc4 bxc4 31. Rb1 cxd3 32. cxd3 Kg7 33. Rc1 Rc8 34. Rxc8 Qxc8 35. Qf4 Qb7 36. Qc1 Bg4 37. Qc4 Be6 38. Qxd4 Kg8 39. Rf2 Qb1+ 40. Kg2 Qd1 41. Qe3 Qg4+ 42. Qg3 Qd1 43. Qf3 Qc1 44. h4 Qc3 45. Qe3 Qa3 46. Re2 Bxa2 47. d4 Qxe3 48. Rxe3 a6 49. Rc3 Kf8 50. Kf3 Bb1 51. Ra3 1-0

[Event "106th British-ch Major 2019"]
[Site "Torquay"]
[Date "2019.07.31"]
[Round "5.16"]
[White "Ethelontis, Alexandros N"]
[Black "Nayak, Raghav"]
[Result "1-0"]
[ECO "A41"]
[WhiteElo "2154"]
[BlackElo "1906"]
[Annotator "NA"]
[PlyCount "95"]
[EventDate "2019.07.27"]
[EventType "swiss"]
[EventCountry "GBR"]
[SourceTitle "playchess.com"]
[Source "ChessBase"]
[SourceQuality "1"]
[TimeControl "40/5400+30:1800+30"]

1. c4 e5 2. Nc3 Nc6 3. Nf3 g6 4. d4 d6 5. Bg5 f6 6. Bh4 Bg7 7. e3 Nge7 8. dxe5 dxe5 9. Qxd8+ Nxd8 10. Nd5 Nxd5 11. cxd5 Bd7 12. Be2 Nf7 13. Nd2 Nd6 14. e4 Bh6 15. f3 O-O 16. Nc4 Nxc4 17. Bxc4 Be3 18. Bf2 Bxf2+ 19. Kxf2 Kg7 20. Rac1 Rac8 21. Ke3 f5 22. Rc3 fxe4 23. fxe4 Rf6 24. Rb3 b6 25. Ba6 Rcf8 26. Rc1 c5 27. Be2 R8f7 28. a3 Kf8 29. Rbc3 Ke7 30. b4 cxb4 31. axb4 Kd6 32. b5 Rf2 33. Rg1 Be8 34. Rc8 Rf8 35. Bf3 Rb2 36. Ra1 Rxb5 37. Rxa7 Rf7 38. Rd8+ Kc5 39. Rxf7 Bxf7 40. Rf8 Rb3+ 41. Kd2 Bxd5 42. exd5 Kd4 43. Re8 Re3 44. Be2 e4 45. d6 Ra3 46. d7 e3+ 47. Ke1 Ra1+ 48. Bd1 1-0

[Event "106th British-ch Major 2019"]
[Site "Torquay"]
[Date "2019.07.31"]
[Round "5.17"]
[White "Hilton, Tim"]
[Black "Taylor, William J"]
[Result "0-1"]
[ECO "B13"]
[WhiteElo "1892"]
[BlackElo "2062"]
[Annotator "NA"]
[PlyCount "50"]
[EventDate "2019.07.27"]
[EventType "swiss"]
[EventCountry "GBR"]
[SourceTitle "playchess.com"]
[Source "ChessBase"]
[SourceQuality "1"]
[TimeControl "40/5400+30:1800+30"]

1. d4 Nf6 2. Bf4 d5 3. e3 c5 4. Nc3 cxd4 5. exd4 a6 6. Nf3 Nc6 7. h3 Bf5 8. g4 Be4 9. Be2 e6 10. a3 Bd6 11. Be3 Bg6 12. g5 Ne4 13. Nxe4 Bxe4 14. Rg1 Rc8 15. Nd2 Bh2 16. Rg4 Bf5 17. Rg2 Bd6 18. h4 Nxd4 19. Bxd4 Bxc2 20. Bb5+ axb5 21. Qe2 O-O 22. Qxb5 Qc7 23. Rc1 Qc6 24. Qe2 e5 25. Bc3 d4 0-1

[Event "106th British-ch Major 2019"]
[Site "Torquay"]
[Date "2019.07.31"]
[Round "5.18"]
[White "Kirupakaran, Vishnu"]
[Black "Balaji, Aaravamudhan"]
[Result "0-1"]
[ECO "C91"]
[WhiteElo "1771"]
[BlackElo "2034"]
[Annotator "NA"]
[PlyCount "56"]
[EventDate "2019.07.27"]
[EventType "swiss"]
[EventCountry "GBR"]
[SourceTitle "playchess.com"]
[Source "ChessBase"]
[SourceQuality "1"]
[TimeControl "40/5400+30:1800+30"]

1. e4 e5 2. Nf3 Nc6 3. Bb5 a6 4. Ba4 Nf6 5. O-O Be7 6. Re1 b5 7. Bb3 O-O 8. d4 d6 9. c3 Bg4 10. d5 Na5 11. Bc2 Qc8 12. h3 Bd7 13. Nbd2 c6 14. Nf1 Qc7 15. Ne3 cxd5 16. exd5 g6 17. a4 Rfc8 18. Nd2 h5 19. Qf3 Nb7 20. Qg3 Bf8 21. Qg5 Bg7 22. Ndf1 Nc5 23. axb5 Nfe4 24. Bxe4 Nxe4 25. Qh4 f5 26. b6 Qxb6 27. Nc4 Rxc4 28. Be3 Qc7 0-1

[Event "106th British-ch Major 2019"]
[Site "Torquay"]
[Date "2019.07.31"]
[Round "5.19"]
[White "Akeya-Price, Robert A"]
[Black "Salmons, Calum"]
[Result "1/2-1/2"]
[ECO "E15"]
[WhiteElo "1974"]
[BlackElo "1898"]
[Annotator "NA"]
[PlyCount "86"]
[EventDate "2019.07.27"]
[EventType "swiss"]
[EventCountry "GBR"]
[SourceTitle "playchess.com"]
[Source "ChessBase"]
[SourceQuality "1"]
[TimeControl "40/5400+30:1800+30"]

1. d4 Nf6 2. c4 e6 3. Nf3 b6 4. g3 Ba6 5. b3 b5 6. cxb5 Bxb5 7. Bg2 d5 8. O-O Nbd7 9. Bb2 Be7 10. Nbd2 O-O 11. Re1 c5 12. dxc5 Nxc5 13. Nd4 Qd7 14. a4 Ba6 15. b4 Nce4 16. Nxe4 Nxe4 17. b5 Bb7 18. Bxe4 dxe4 19. Nf5 Rfd8 20. Qxd7 Rxd7 21. Nd4 Bf6 22. e3 Rc8 23. Rec1 Rdc7 24. Rd1 Bd5 25. Rd2 h6 26. Ne2 Be7 27. Bd4 Bb4 28. Rb2 Ba5 29. Kg2 f6 30. b6 axb6 31. Bxb6 Rb7 32. Rab1 Rcb8 33. Bd4 Rxb2 34. Rxb2 Rxb2 35. Bxb2 Bc4 36. Nd4 Bd5 37. g4 e5 38. Ne2 Bc4 39. Nc3 Bb3 40. Nxe4 Bxa4 41. Kg3 Bc6 42. f3 Bb6 43. Kf2 Kf7 1/2-1/2

[Event "106th British-ch Major 2019"]
[Site "Torquay"]
[Date "2019.07.31"]
[Round "5.20"]
[White "Young, Daniel J"]
[Black "Sheerin, Alex"]
[Result "0-1"]
[ECO "B77"]
[WhiteElo "1971"]
[BlackElo "1845"]
[Annotator "NA"]
[PlyCount "64"]
[EventDate "2019.07.27"]
[EventType "swiss"]
[EventCountry "GBR"]
[SourceTitle "playchess.com"]
[Source "ChessBase"]
[SourceQuality "1"]
[TimeControl "40/5400+30:1800+30"]

1. e4 c5 2. Nf3 d6 3. d4 cxd4 4. Nxd4 Nf6 5. Nc3 g6 6. Be3 Bg7 7. f3 Nc6 8. Qd2 O-O 9. Bc4 Bd7 10. O-O-O Rb8 11. Bb3 Na5 12. Bh6 Bxh6 13. Qxh6 e5 14. Nde2 Nxb3+ 15. cxb3 b5 16. Kb1 b4 17. Nd5 Nxd5 18. Rxd5 Be6 19. Rd2 Rb6 20. Rhd1 Ra6 21. Nc1 d5 22. exd5 Bf5+ 23. Ka1 Qa5 24. g4 Rc8 25. a3 bxa3 26. Na2 Bc2 27. Rb1 Bxb3 28. bxa3 Qxa3 29. Rxb3 Qxb3 30. Rb2 Qd1+ 31. Rb1 Qd4+ 32. Rb2 Rc2 0-1

[Event "106th British-ch Major 2019"]
[Site "Torquay"]
[Date "2019.07.31"]
[Round "5.21"]
[White "Fathallah, Joe"]
[Black "Howell, Oliver W"]
[Result "1/2-1/2"]
[ECO "E87"]
[WhiteElo "1952"]
[BlackElo "1797"]
[Annotator "NA"]
[PlyCount "73"]
[EventDate "2019.07.27"]
[EventType "swiss"]
[EventCountry "GBR"]
[SourceTitle "playchess.com"]
[Source "ChessBase"]
[SourceQuality "1"]
[TimeControl "40/5400+30:1800+30"]

1. d4 Nf6 2. c4 g6 3. Nc3 Bg7 4. e4 d6 5. f3 O-O 6. Be3 e5 7. d5 Nh5 8. Qd2 Qh4+ 9. Qf2 Qxf2+ 10. Kxf2 f5 11. g3 Nf6 12. Kg2 fxe4 13. Nxe4 Nxe4 14. fxe4 Nd7 15. Bd3 b6 16. Nf3 Nc5 17. Bc2 a5 18. b3 Bh3+ 19. Kxh3 Rxf3 20. Rae1 Raf8 21. Kg2 h6 22. Rhf1 Rxf1 23. Rxf1 Rxf1 24. Kxf1 Kh7 25. a3 Bf6 26. Ke2 g5 27. Kd2 Kg6 28. g4 Kf7 29. b4 axb4 30. axb4 Nd7 31. Ba4 Ke7 32. Bxd7 Kxd7 33. Kc3 Kc8 34. Kb3 Kb7 35. Ka4 Ka6 36. Bc1 Be7 37. Be3 1/2-1/2